 Dungeon Crawl Stone Soup version 0.30-b1-2-g02819fbbbe (webtiles) character file.

Game seed: 7209843741799591714

184 Vojta the Charlatan (level 5, 30/30 HPs)
             Began as a Gargoyle Artificer on Nov 8, 2023.
             Got out of the dungeon alive.
             The game lasted 00:16:10 (2657 turns).

Vojta the Charlatan (Gargoyle Artificer)            Turns: 2657, Time: 00:16:11

Health: 30/30      AC: 19    Str: 18    XL:     5   Next: 64%
Magic:  5/5        EV:  8    Int: 21    God:
Gold:   139        SH:  5    Dex: 12    Spells: 1/4 levels left

rFire   . . .        p - +6 dagger of the Gnat {freeze, rPois Will+ Int+6 SInv}
rCold   . . .        (no shield)
rNeg    + . .        y - +4 chain mail of the Gnashing Gods {Str+2 Int+4}
rPois   ∞            q - +1 helmet
rElec   +            v - scarf {harm}
rCorr   .            (no gloves)
SInv    +            (no boots)
Will    +....        m - amulet of reflection Stlth
                     l - ring of see invisible
HPRegen 0.25/turn    (no ring)
MPRegen 0.09/turn

%: harm (+30% outgoing, +20% incoming), reflection
@: no status effects
A: sickness immunity, AC +4, negative energy resistance 1, electricity
resistance, torment resistance 1, petrification resistance
a: no special abilities


You escaped.
You visited 1 branch of the dungeon, and saw 4 of its levels.

You collected 139 gold pieces.

Inventory:

Hand Weapons
 a - a +3 dagger of venom
 f - a +1 short sword of speed
 j - a +0 trident
 p - the +6 dagger of the Gnat (weapon) {freeze, rPois Will+ Int+6 SInv}
   (You found it on level 2 of the Dungeon)

   Int:       It affects your intelligence (+6).
   rPois:     It protects you from poison.
   SInv:      It lets you see invisible.
   Will:      It increases your willpower.
 x - the +10 whip of Upheaval {heavy, Stlth+}
   (You took it off an orc on level 3 of the Dungeon)

   Stlth:     It makes you more stealthy.
Missiles
 n - 3 silver boomerangs
Armour
 q - a +1 helmet (worn)
 v - a scarf of harm (worn)
 y - the +4 chain mail of the Gnashing Gods (worn) {Str+2 Int+4}
   (You took it off an orc on level 3 of the Dungeon)

   Str:       It affects your strength (+2).
   Int:       It affects your intelligence (+4).
Jewellery
 l - a ring of see invisible (left hand)
 m - an amulet of reflection (around neck)
Wands
 c - a wand of flame (13)
 d - a wand of charming (22)
 e - a wand of iceblast (2) (quivered)
Scrolls
 t - 2 scrolls of identify
 w - a scroll of teleportation {unknown}
Potions
 r - a potion of brilliance


   Skills:
 * Level 2.1 Fighting
 + Level 2.4 Short Blades
 + Level 0.1 Throwing
 * Level 3.1 Armour
 + Level 1.4 Dodging
 + Level 1.4 Stealth
 * Level 0.8 Shields
 + Level 3.5 Evocations


You had one spell level left.
You knew the following spells:

 Your Spells              Type           Power      Damage    Failure   Level
a - Tukima's Dance        Hex            0%         N/A       99%         3

Your spell library contained the following spells:

 Spells                   Type           Power      Damage    Failure   Level
 Lesser Beckoning         Tloc           0%         N/A       94%         2
 Gell's Gravitas          Tloc           0%         N/A       99%         3
 Portal Projectile        Hex/Tloc       0%         N/A       99%         3
 Teleport Other           Tloc           0%         N/A       99%         3
 Blade Hands              Tmut           0%         N/A       100%        5


Dungeon Overview and Level Annotations

Branches:
Dungeon (4/15)
 Temple: D:4-7

Altars:
Makhleb
Zin

Shops:
D:2 ?[


Innate Abilities, Weirdness & Mutations

You are immune to sickness and miasma.
Your stone body is resilient. (AC +4)
You are immune to poison.
You resist negative energy. (rN+)
You are resistant to electric shocks. (rElec)
You are resistant to unholy torment.
You are immune to petrification.


Message History

You destroy Phaedo's ghost!
(D) Dungeon
Where to? (? - help)
Okay, then.
(D) Dungeon
Where to? (? - help)
Okay, then.
Unknown command.
(D) Dungeon
Where to? (? - help)
Okay, then.
You can't go down here!
Unknown command.
Unknown command.
(D) Dungeon
Where to? (? - help)
There is a stone staircase leading down here.
You feel less attractive to monsters.
You climb downwards.
There is a stone staircase leading up here.
You climb upwards.
There is a stone staircase leading down here.
(D) Dungeon
Where to? (Enter - D:2, ? - help)
Okay, then.
(D) Dungeon
Where to? (Enter - D:2, ? - help)
Okay, then.
(D) Dungeon
Where to? (Enter - D:2, ? - help)
Okay, then.
Unknown command.
You feel a little less clever now.
You see here a +0 scale mail.
You feel a little less mighty now.
There is a staircase leading out of the dungeon here.
Are you sure you want to leave the Dungeon?
This will make you lose the game!
Uppercase [Y]es or [N]o only, please.
Are you sure you want to leave the Dungeon?
This will make you lose the game!
You have escaped!

...##.......#####.###.......##...
..##.....####.......####.....####
.##....###.............###.[..###
##....##.....#######.....##......
##...##....###.#...###....##.....
#....#....##...#.....##....#.....
#...##...##...##.##...##...######
#...#....#...##...##...#....#...#
#........#......@..#...#....#...#
#...#....######...##...#....#...#
#...##........#####...##...##...#
#....#######.........##....#...[#
##.........###.....###....##...##
#....##.....#######.....##....#
##....###.............###....##
##.....####.......####.....##
##.......#########.......##


There were no monsters in sight!

Vanquished Creatures
  The ghost of Phaedo the Insei, a weakling MeCA of Ignis (D:1)
  Jessica (D:2)
  5 adders
  2 worms
  A dart slug (D:1)
  7 orcs (D:3)
  4 ball pythons
  7 bats
  4 endoplasms
  3 giant cockroaches
  3 goblins
  3 hobgoblins
  7 kobolds
  A quokka (D:1)
  A frilled lizard (D:3)
  6 rats
56 creatures vanquished.

Notes
Turn   | Place    | Note
-------+----------+-------------------------------------------
     0 | D:1      | Vojta the Gargoyle Artificer began the quest for the Orb.
     0 | D:1      | Reached XP level 1. HP: 12/12 MP: 1/1
   257 | D:1      | Reached XP level 2. HP: 16/16 MP: 2/2
   480 | D:1      | Reached skill level 1 in Dodging
   907 | D:2      | Found Umeriop's Armour Shop.
   987 | D:2      | Found Hoeloej's Magic Scroll Shop.
  1027 | D:2      | Reached XP level 3. HP: 20/20 MP: 3/3
  1325 | D:2      | Noticed Jessica
  1335 | D:2      | Killed Jessica
  1336 | D:2      | Reached skill level 1 in Short Blades
  1336 | D:2      | Reached XP level 4. HP: 21/25 MP: 4/4
  1369 | D:2      | Identified the +6 dagger of the Gnat {freeze, rPois Will+
                  | Int+6 SInv}
  1785 | D:3      | Found a burning altar of Makhleb.
  1786 | D:3      | Found a glowing silver altar of Zin.
  1786 | D:3      | Noticed an angel
  1788 | D:3      | Noticed a blizzard demon
  1850 | D:3      | Reached XP level 5. HP: 30/30 MP: 5/5
  1872 | D:3      | Found a runed translucent gate.
  1873 | D:3      | Found a runed translucent gate.
  1874 | D:3      | Identified the +10 whip of Upheaval {heavy, Stlth+}
  1874 | D:3      | Identified the +4 chain mail of the Gnashing Gods {Str+2
                  | Int+4}
  1875 | D:3      | Found a runed translucent gate.
  1875 | D:3      | Noticed Phaedo's ghost (weakling MeCA)
  1938 | D:3      | Learned a level 3 spell: Tukima's Dance
  2523 | D:1      | Killed Phaedo's ghost
  2657 | D:$      | Got out of the dungeon alive.

Illustrated notes

Levels and vault maps discovered:
D:1:      dpeg_arrival_circle_labyrinth_c, layout_loops_ring, serial_glass,
          glass_columns_a, glass_columns_b, minmay_strange_pillars,
          minmay_strange_pillars, item_on_display_a, due_unseen_surprise
D:2:      layout_basic, serial_shops, shop, nicolae_shop_crystal, serial_glass,
          glass_columns_a, glass_columns_a, glass_columns_b, glass_columns_a,
          glass_columns_a, glass_columns_b, uniq_jessica
D:3:      layout_loops_ring, grunt_temple_overflow_order_and_chaos_2,
          biasface_ghost_orc_armoury
D:4:      dreamdust_elfheim, layout_layer_cave, grunt_temple_overflow_opulence,
          gammafunk_ghost_arena, dreamdust_princess_corridor,
          nicolae_elemental_shop

Skill      XL: |  1  2  3  4  5 |
---------------+----------------+-----
Evocations     | 3 |  3.5
Dodging        | 1 |  1.4
Short Blades   | 1 2 |  2.4
Fighting       | 2 |  2.1
Armour         | 3 |  3.1
Throwing       | |  0.1
Stealth        | |  1.4
Shields        | |  0.8

Action                     |  1- 3 |  4- 6 || total
---------------------------+-------+-------++-------
  Melee: Short sword       |    87 |     6 ||    93
         Dagger            |       |    53 ||    53
  Throw: Stone             |     9 |       ||     9
  Evoke: Wand              |    10 |     2 ||    12
    Use: Potion            |     1 |     5 ||     6
         Scroll            |       |     6 ||     6
   Stab: Sleeping          |     1 |       ||     1
 Armour: Leather armour    |    17 |    15 ||    32
         Chain mail        |       |    12 ||    12
  Dodge: Dodged            |    31 |    32 ||    63
  Block: Other             |    11 |    15 ||    26
         Reflection        |       |     2 ||     2
